 Dungeon Crawl Stone Soup version 0.28-a0-556-gab23d0e057 (webtiles) character file.

Game seed: 101024094579626536

2578 poseidemic the Protected (level 9, -2/99 HPs)
             Began as a Djinni Berserker on Sept 28, 2021.
             Was a Priest of Trog.
             Slain by Joseph (11 damage)
             ... on level 7 of the Dungeon.
             The game lasted 00:17:31 (10357 turns).

poseidemic the Protected (Djinni Berserker)        Turns: 10357, Time: 00:17:31

Health: -2/99      AC: 24    Str: 19    XL:     9   Next: 88%
Gold:   281        EV:  2    Int: 10    God:    Trog [***...] SH:  0 Dex: 12

rFire   . . .      SeeInvis .   a - +0 hand axe
rCold   . . .      Faith    .   (no shield)
rNeg    + + +      Spirit   .   (armour currently unavailable)
rPois   ∞          Reflect  .   (helmet currently unavailable)
rElec   .          Harm     .   (cloak currently unavailable)
rCorr   .          Rampage  .   (gloves currently unavailable)
Will    ++...      NoTele   +   (boots unavailable)
Stlth   +.........              (no amulet)
HPRegen 1.26/turn               (no ring)
MPRegen 0.00/turn               (no ring)

@: brilliant, tree-form, strong-willed (expiring), on berserk cooldown, very
slightly contaminated, regenerating (expiring), hasted and slowed, invisible
A: stationary, stasis, torment immunity, boosted hp, sickness immunity, (fire
resistance 2), (cold vulnerability 1), float, innate caster, hp casting, extra
vitality 1
a: Renounce Religion, Berserk, Trog's Hand


You were on level 7 of the Dungeon.
You worshipped Trog.
Trog was most pleased with you.
You were a tree.
You visited 1 branch of the dungeon, and saw 7 of its levels.

You collected 281 gold pieces.

Inventory:

Hand Weapons
 a - a +0 hand axe (weapon)
Missiles
 j - a throwing net (quivered)
Armour
 d - a +0 scale mail (melded)
 i - a +0 helmet (melded)
Jewellery
 e - a ring of fire
 x - a ring of willpower
Wands
 c - a wand of flame (18)
 m - a wand of acid (8)
Scrolls
 g - a scroll of magic mapping
 l - 2 scrolls of amnesia {unknown}
 n - a scroll of silence {unknown}
 q - a scroll of enchant weapon
 s - a scroll of holy word
 t - a scroll of teleportation
 v - a scroll of fog {unknown}
 w - a scroll of torment {unknown}
Potions
 f - a potion of haste
 o - 2 potions of magic
 p - a potion of lignification
 r - a potion of degeneration {unknown}
 z - 2 potions of berserk rage
 A - a potion of resistance {unknown}


   Skills:
 * Level 6.2 Fighting
 + Level 6.6 Axes
 - Level 9.1 Armour
 - Level 2.1 Dodging


You couldn't memorise any spells.
You knew the following spells:

 Your Spells              Type           Power      Damage    Failure   Level
a - Sting                 Tmut/Pois      0%         1d3       36%         1
b - Corpse Rot            Necr/Air       N/A        N/A       50%         2
c - Summon Guardian Gole  Hex/Summ       0%         N/A       75%         3
d - Ignite Poison         Fire/Tmut/Pois 0%         N/A       75%         3
Your spell library was empty.

Dungeon Overview and Level Annotations

Branches:
Dungeon (7/15)             Temple (0/1) D:7

Altars:
Cheibriados
Fedhas
Sif Muna

Shops:
D:2 *

Portals:
Abyss: D:5

Annotations:
D:5 2 transporters, MikuNakano's ghost, novice DgFi
D:7 Joseph


Innate Abilities, Weirdness & Mutations

You are a tree.
Your roots penetrate the ground, keeping you stationary.
You cannot be teleported.
You are immune to unholy pain and torment.
Your maximum health is greatly increased.
Your equipment is partially melded.
You are immune to sickness and miasma.
You are immune to poison.
((Your flesh is very heat resistant. (rF++)))
((You are vulnerable to cold. (rC-)))
You float through the air rather than walking.
You learn spells naturally, not from books.
Your magical power is your life essence.
You have superior vitality. (+4 HP)


Message History

Okay, then.
You feel yourself speed up.
Joseph shoots a sling bullet.
The sling bullet hits you!
It was a potion of brilliance.
You feel clever all of a sudden.
Joseph unwields a +0 hunting sling.
Joseph wields a +0 broad axe.
Joseph barely misses you.
It was a potion of invisibility.
You fade into invisibility!
Joseph hits you with a +0 broad axe!!
* * * LOW HITPOINT WARNING * * *
You are very lightly contaminated with residual magic.
It was a potion of lignification.
You turn into a tree.
Your +0 helmet melds into your body.
Your +0 scale mail melds into your body.
Your roots penetrate the ground.
Joseph barely misses you.
You hit Joseph.
Joseph is lightly wounded.
Joseph hits you but does no damage.
You catch the helpless Joseph completely off-guard!
You hit Joseph.
Joseph is lightly wounded.
You feel the effects of Trog's Hand fading.
Joseph hits you with a +0 broad axe!
* * * LOW HITPOINT WARNING * * *
You barely miss Joseph.
Joseph is lightly wounded.
Joseph hits you with a +0 broad axe.
* * * LOW HITPOINT WARNING * * *
You hit Joseph but do no damage.
Joseph is lightly wounded.
Joseph completely misses you.
You strike the helpless Joseph from behind!
You hit Joseph but do no damage.
Joseph is lightly wounded.
Okay, then.
As you read the scroll of identify, it crumbles to dust.
z - 2 potions of berserk rage Joseph hits you with a +0 broad axe!
You die...

##..........###.###
#.....<.......#..##
#.....####.##.##.#.
#....## #..##......
#...#####.###......
#...###.......##..#
#.......#.#########
#.@.........#
#.♣....)....####
#....†..........
#...........###.#
#...........#
#.>..[......#
#############


You could see Joseph.

Vanquished Creatures
  A steam dragon (D:6)
  Menkaure (D:6)
  An orc warrior (D:5)
  2 necrophages
  2 ice beasts
  3 sky beasts (D:7)
  An ogre (D:6)
  A phantom (D:5)
  4 bullfrogs
  2 scorpions
  2 water moccasin skeletons
  A killer bee (D:7)
  3 howler monkeys
  A centaur zombie (D:7)
  2 centaur skeletons
  6 hounds
  2 bullfrog skeletons
  2 orc priests
  2 iguanas
  Jessica (D:2)
  Terence (D:2)
  6 orc wizards
  A killer bee zombie (D:7)
  A hound zombie (D:5)
  2 howler monkey zombies (D:7)
  8 gnolls
  4 adders
  A howler monkey skeleton (D:7)
  A shadow imp (D:7)
  A white imp (D:6)
  2 ufetubi
  A dart slug (D:4)
  17 orcs
  6 ball pythons
  8 endoplasms
  3 giant cockroaches
  3 goblins
  7 hobgoblins
  2 jackals (D:1)
  2 quokkas
  6 bats
  2 frilled lizards
  3 kobolds
  A quokka skeleton (D:4)
  4 rats (D:2)
133 creatures vanquished.

Vanquished Creatures (others)
  8 plants (D:7)
8 creatures vanquished.

Grand Total: 141 creatures vanquished

Notes
Turn   | Place    | Note
-------+----------+-------------------------------------------
     0 | D:1      | poseidemic the Djinni Berserker began the quest for the
                  | Orb.
     0 | D:1      | Reached XP level 1. HP: 20/20 MP: 0/0
   265 | D:1      | Reached XP level 2. HP: 20/25 MP: 0/0
   975 | D:2      | Noticed Terence
   983 | D:2      | Killed Terence
   984 | D:2      | Reached skill level 3 in Armour
   984 | D:2      | Reached XP level 3. HP: 21/30 MP: 0/0
   984 | D:2      | Learned a level 1 spell: Sting
  1164 | D:2      | Noticed Jessica
  1170 | D:2      | Killed Jessica
  1171 | D:2      | Reached XP level 4. HP: 35/35 MP: 0/0
  1407 | D:2      | Reached ** piety under Trog
  1500 | D:2      | Found Ajuco's General Store.
  1953 | D:3      | Reached skill level 4 in Armour
  2105 | D:3      | Reached XP level 5. HP: 40/40 MP: 0/0
  2105 | D:3      | Learned a level 2 spell: Corpse Rot
  2628 | D:3      | Found a blossoming altar of Fedhas.
  3000 | D:4      | Reached XP level 6. HP: 35/46 MP: 0/0
  3312 | D:4      | Reached skill level 5 in Armour
  4130 | D:4      | Reached XP level 7. HP: 40/50 MP: 0/0
  4130 | D:4      | Learned a level 3 spell: Summon Guardian Golem
  4283 | D:5      | Entered Level 5 of the Dungeon
  4322 | D:5      | Identified the +1 ring mail of the End {Harm +Blink Dex-2}
  4378 | D:5      | Reached skill level 6 in Armour
  4575 | D:5      | Reached *** piety under Trog
  5348 | D:5      | Reached skill level 7 in Armour
  5348 | D:5      | Reached XP level 8. HP: 45/56 MP: 0/0
  5731 | D:5      | Noticed MikuNakano's ghost (novice DgFi)
  5791 | D:5      | Noticed a small abomination
  5793 | D:5      | Found a one-way gate to the infinite horrors of the Abyss.
  5800 | D:5      | Found a transporter.
  5806 | D:5      | Found a transporter.
  5806 | D:5      | Noticed an ancient zyme
  6263 | D:5      | Reached skill level 5 in Axes
  6639 | D:6      | Reached skill level 8 in Armour
  7100 | D:6      | Noticed Menkaure
  7107 | D:6      | Killed Menkaure
  7297 | D:6      | Found a snail-covered altar of Cheibriados.
  7323 | D:6      | Reached XP level 9. HP: 37/60 MP: 0/0
  7323 | D:6      | Learned a level 3 spell: Ignite Poison
  7336 | D:6      | Reached skill level 9 in Armour
  8084 | D:7      | Reached skill level 5 in Fighting
  8455 | D:7      | Found a staircase to the Ecumenical Temple.
  8945 | D:7      | Noticed Joseph
  9786 | D:7      | Reached **** piety under Trog
 10357 | D:7      | Slain by Joseph

Illustrated notes

Levels and vault maps discovered:
D:1:      dpeg_arrival_arbitrary_b, layout_rooms
D:2:      layout_loops_cross, serial_shops, nicolae_shop_behind_doors,
          minmay_pentomino_s4, uniq_terence, uniq_jessica
D:3:      layout_basic, mainiacjoe_overflow_24_doors, kennysheep_big_empty_room
D:4:      layout_gridville
D:5:      layout_layer_cave, mainiacjoe_overflow_surrounded_room,
          gammafunk_ghost_abyssal_escape, moated_statue
D:6:      layout_cave_pools, lemuel_tele_altar, uniq_menkaure
D:7:      nzn_winding_woodlands_large [nzn_winding_woodlands_5x5_perimeter,
          nzn_winding_woodlands_5x15_cabin, nzn_winding_woodlands_5x5_three,
          nzn_winding_woodlands_center_garden,
          nzn_winding_woodlands_15x15_killbox,
          nzn_winding_woodlands_center_lodge,
          nzn_winding_woodlands_5x5_closed_star,
          nzn_winding_woodlands_5x15_pool,
          nzn_winding_woodlands_5x5_checkerboard], layout_rooms,
          minmay_temple_entry_enclosed_plants, uniq_joseph

Skill      XL: |  1  2  3  4  5  6  7  8  9 |
---------------+----------------------------+-----
Armour         | 3 4 5 7 8 9 |  9.1
Axes           | 3 4 5 6 |  6.6
Fighting       | 6 |  6.2
Dodging        | |  2.1

Action                   |  1- 3 |  4- 6 |  7- 9 || total
-------------------------+-------+-------+-------++-------
Melee: Hand axe          |    56 |   188 |   471 ||   715
Invok: Berserk           |     2 |     2 |    12 ||    16
       Trog's Hand       |       |       |     3 ||     3
  Use: Scroll            |     5 |     3 |     7 ||    15
       Potion            |       |       |     7 ||     7
 Stab: Invisible         |       |       |     2 ||     2
Armor: Animal skin       |    15 |       |       ||    15
       Scale mail        |       |   100 |   280 ||   380
       Skin              |       |       |     1 ||     1
Dodge: Dodged            |    45 |    95 |   259 ||   399

Table legend: (Time is in decaauts)
 A = Elapsed time spent in this place.
 B = Non-inter-level travel time spent in this place.
 C = Inter-level travel time spent in this place.
 D = Time resting spent in this place.
 E = Time spent auto-exploring this place.
 F = Levels seen in this place.
 G = Mean time per level.
                   A        B        C        D        E       F      G
               +--------+--------+--------+--------+--------+-----+--------+
         Total |  10521 |  10203 |    318 |   4537 |   4353 |   7 | 1503.0 |
       Dungeon |  10521 |  10203 |    318 |   4537 |   4353 |   7 | 1503.0 |
               +--------+--------+--------+--------+--------+-----+--------+

Top non-repeatable levels by time:
     D:7: 2479 daAuts
     D:5: 2385 daAuts
     D:4: 1322 daAuts
     D:6: 1313 daAuts
     D:3: 1171 daAuts
     D:1: 970 daAuts
     D:2: 879 daAuts
